 Dungeon Crawl Stone Soup version 0.30.1-11-g7821555f0a (webtiles) character file.

Game seed: 14138374671270876385

77 Dordric the Slasher (level 4, -1/36 HPs)
             Began as a Barachi Fighter on Oct 31, 2023.
             Slain by a cerulean imp
             ... wielding a +2 spear
             ... summoned by Natasha
              (5 damage)
             ... on level 3 of the Dungeon.
             The game lasted 00:01:39 (1762 turns).

Dordric the Slasher (Barachi Fighter)               Turns: 1762, Time: 00:01:40

Health: -1/36      AC:  8    Str: 17    XL:     4   Next: 34%
Magic:  4/4        EV: 15    Int:  9    God:
Gold:   210        SH:  4    Dex: 13    Spells: 3/3 levels left

rFire   . . .        s - +0 sling (freeze)
rCold   . . .        c - +0 buckler
rNeg    . . .        b - +0 scale mail
rPois   .            (no helmet)
rElec   .            i - +0 cloak
rCorr   .            (no gloves)
SInv    .            (no boots)
Will    .....        (no amulet) Stlth
                     p - +5 ring of evasion
HPRegen 0.26/turn    (no ring)
MPRegen 0.09/turn

%: no passive effects
@: slow
A: amphibious, slowness 1, strong legs 1, +LOS
a: Hop


You were on level 3 of the Dungeon.
You visited 1 branch of the dungeon, and saw 3 of its levels.

You collected 210 gold pieces.

Inventory:

Hand Weapons
 a - a +0 long sword
 s - a +0 sling of freezing (weapon)
Missiles
 u - a throwing net
Armour
 b - a +0 scale mail (worn)
 c - a +0 buckler (worn)
 i - a +0 cloak (worn)
Jewellery
 l - an amulet of reflection
 p - a +5 ring of evasion (left hand)
Scrolls
 e - 2 scrolls of immolation {unknown}
 f - a scroll of teleportation {unknown}
 h - 3 scrolls of identify {unknown}
 j - a scroll of fear {unknown}
 k - 2 scrolls of enchant armour {unknown}
 n - a scroll of vulnerability {unknown}
 o - 3 scrolls of fog {unknown}
 q - 2 scrolls of poison {unknown}
 r - a scroll of amnesia {unknown}
 t - a scroll of enchant weapon {unknown}
Potions
 d - a potion of might
 g - a potion of flight {unknown}
 m - a potion of attraction {unknown}


   Skills:
 - Level 3.6 Fighting
 + Level 4.2 Long Blades
 - Level 3.6 Armour
 + Level 2.8 Dodging
 - Level 3.2 Shields


You had 3 spell levels left.
You didn't know any spells.
Your spell library contained the following spells:

 Spells                   Type           Power      Damage    Failure   Level
 Ensorcelled Hibernation  Hex/Ice        0%         N/A       95%         2
 Passwall                 Tmut/Erth      0%         N/A       95%         2
 Swiftness                Air            0%         N/A       99%         3


Dungeon Overview and Level Annotations

Branches:
Dungeon (3/15)

Altars:

Annotations:
D:3 Natasha


Innate Abilities, Weirdness & Mutations

You are amphibious.
You cover ground slowly.
You can hop short distances.
You have an extended range of vision and can be seen from far away.


Message History

p - a +5 ring of evasion (left hand)
You block the cerulean imp's attack.
The cerulean imp hits you but does no damage.
You shoot a sling bullet. The sling bullet hits Natasha!
The sling bullet freezes Natasha.
Natasha is almost dead.
Natasha stares at you and mumbles some strange words.
You resist with some effort.
The cerulean imp hits you with a +2 spear.
* * * LOW HITPOINT WARNING * * *
The cerulean imp completely misses you.
Natasha stares at you and mumbles some strange words.
The magic dart hits you.
* * * LOW HITPOINT WARNING * * *
You block the cerulean imp's attack. The cerulean imp barely misses you.
You shoot a sling bullet. The sling bullet barely misses Natasha.
You feel yourself speed up.
The cerulean imp disappears in a puff of smoke!
Natasha casts a spell.
The cerulean imp hits you but does no damage.
Natasha stares at you and mumbles some strange words.
The magic dart hits you.
* * * LOW HITPOINT WARNING * * *
The cerulean imp closely misses you. Natasha completely misses you.
The cerulean imp hits you but does no damage.
You shoot a sling bullet.
The sling bullet closely misses Natasha.
Natasha misses you. The cerulean imp closely misses you.
Natasha stares at you and mumbles some strange words.
The magic dart hits you.
* * * LOW HITPOINT WARNING * * *
The cerulean imp hits you but does no damage.
You shoot a sling bullet.
The sling bullet hits Natasha but does no damage.
Natasha is almost dead.
The cerulean imp barely misses you.
Natasha casts a spell.
You block the cerulean imp's attack.
The cerulean imp hits you with a +2 spear.
You die...

##### ###
.[..? .5
#### #5
...#
#h####
##.#
#.#.@5.#
.#
#.####.#
.#
#.##...# #
#.##.###
.# #.##.#
.# #.##.#
.#
#.##.#####
.##
#.##.....#
..#
#.######.#


You could see Natasha and 3 cerulean imps.

Vanquished Creatures
  Jessica (D:2)
  An adder (D:3)
  A worm (D:3)
  A dart slug (D:2)
  8 endoplasms
  2 giant cockroaches
  3 goblins (D:1)
  4 hobgoblins
  2 kobolds
  4 quokkas
  3 ball pythons
  A bat (D:1)
  A frilled lizard (D:2)
  2 rats (D:2)
34 creatures vanquished.

Notes
Turn   | Place    | Note
-------+----------+-------------------------------------------
     0 | D:1      | Dordric the Barachi Fighter began the quest for the Orb.
     0 | D:1      | Reached XP level 1. HP: 18/18 MP: 1/1
   204 | D:1      | Reached skill level 1 in Dodging
   284 | D:1      | Reached XP level 2. HP: 16/24 MP: 2/2
   295 | D:1      | Reached skill level 3 in Long Blades
   990 | D:2      | Noticed Jessica
   994 | D:2      | Killed Jessica
   995 | D:2      | Reached XP level 3. HP: 29/29 MP: 3/3
  1166 | D:2      | Identified the +0 robe of Vampiric Thralls {Drain rElec
                  | rPois Str+2}
  1445 | D:3      | Reached skill level 4 in Long Blades
  1445 | D:3      | Reached XP level 4. HP: 29/36 MP: 4/4
  1748 | D:3      | Noticed Natasha
  1762 | D:3      | Slain by a cerulean imp

Illustrated notes

Levels and vault maps discovered:
D:1:      erik_arrival_triangle_medium, layout_loops_ring, serial_forest,
          infiniplex_forest_lined_ring, infiniplex_forest_clump_tiny,
          infiniplex_forest_lined_2, infiniplex_forest_fountain,
          infiniplex_forest_straight_4, infiniplex_forest_straight_3,
          infiniplex_forest_end_2
D:2:      layout_basic, uniq_jessica
D:3:      layout_basic, cheibrodos_worm_habitat, serial_shops, shop_scrolls,
          uniq_natasha, uniq_crazy_yiuf_cottage, uniq_ijyb

Skill      XL: |  1  2  3 |
---------------+----------+-----
Dodging        | 1 2 |  2.8
Long Blades    | 3 4 |  4.2
Fighting       | |  3.6
Armour         | |  3.6
Shields        | |  3.2

Action                     |  1- 3 |  4- 6 || total
---------------------------+-------+-------++-------
  Melee: Long sword        |    82 |    23 ||   105
   Fire: Sling             |       |    19 ||    19
 Armour: Scale mail        |    34 |    24 ||    58
  Dodge: Dodged            |    42 |    36 ||    78
  Block: Buckler           |    20 |    12 ||    32
